 Dungeon Crawl Stone Soup version 0.17.2-1-ge4368a0 (webtiles) character file.

4 Goblin1989 the Sneak (level 1, -2/9 HPs)
             Began as a Spriggan Enchanter on Sept 20, 2017.
             Slain by a hobgoblin
             ... wielding a +0 club
              (6 damage)
             ... on level 1 of the Dungeon.
             The game lasted 00:00:47 (101 turns).

Goblin1989 the Sneak (Spriggan Enchanter)            Turns: 101, Time: 00:00:47

Health: -2/9       AC:  3    Str:  4    XL:     1   Next: 50%
Magic:  3/5        EV: 18    Int: 16    God:
Gold:   10         SH:  0    Dex: 16    Spells: 1 memorised, 4 levels left

rFire  . . .     SeeInvis +     a - +1 dagger
rCold  . . .     Clarity  .     b - +1 robe
rNeg   . . .     SustAt   .     (shield restricted)
rPois  .         Gourm    .     (helmet restricted)
rElec  .         Spirit   .     (no cloak)
rCorr  .         Warding  .     (gloves unavailable)
rMut   .         Stasis   .     (boots unavailable)
MR     .....                    (no amulet)
Stlth  +++.......               (no ring)
                                (no ring)

@: very quick, not resistant to hostile enchantments, fairly stealthy
A: unfitting armour, see invisible, herbivore 3, speed 3, slow metabolism 2
a: no special abilities


You were on level 1 of the Dungeon.
You were not hungry.

You visited 1 branch of the dungeon, and saw 1 of its levels.

You collected 10 gold pieces.

Inventory:

Hand Weapons
 a - a +1 dagger (weapon)
Armour
 b - a +1 robe (worn)
Books
 c - a book of Maledictions

   Spells                             Type                      Level
   a - Corona                         Hexes                        1
   b - Ensorcelled Hibernation        Hexes/Ice                    2
   c - Confuse                        Hexes                        3
   d - Tukima's Dance                 Hexes                        3
   e - Dazzling Spray                 Conjuration/Hexes            3
Comestibles
 e - a bread ration {@e1}


   Skills:
 - Level 1.1 Short Blades
 - Level 3.0 Dodging
 + Level 4.4 Stealth
 + Level 2.8 Spellcasting
 * Level 3.9 Hexes


You had 4 spell levels left.
You knew the following spells:

 Your Spells              Type           Power        Failure   Level  Hunger
a - Corona                Hex            ##.....      4%          1    #......


Dungeon Overview and Level Annotations

Branches:
Dungeon (1/15)

Altars:


Innate Abilities, Weirdness & Mutations

You are tiny and cannot use many weapons and most armour.
You have supernaturally acute eyesight.
You are a herbivore.
You cover ground extremely quickly.
You need consume almost no food.


Message History

e - a bread ration Welcome, Goblin1989 the Spriggan Enchanter.
It is said that the Orb of Zot exists deep within this dungeon, but nobody has ever found it.
Press ? for a list of commands and other information.
Found a staircase leading out of the dungeon.
A bat comes into view.
The bat misses you.
You hit the bat.
You kill the bat!
A bat comes into view.
The helpless bat fails to defend itself.
You impale the bat!!
You kill the bat!
No target in view!
A hobgoblin comes into view. It is wielding a club.
The helpless hobgoblin fails to defend itself.
You impale the hobgoblin!!
You kill the hobgoblin!
No target in view!
You see here a club.
You now have 10 gold pieces.
A kobold comes into view. It is wielding a whip.
A kobold is nearby!
The kobold shouts!
The kobold completely misses you.
You hit the kobold.
The kobold is severely wounded.
You hit the kobold but do no damage.
The kobold is severely wounded.
The kobold barely misses you.
You closely miss the kobold.
The kobold is severely wounded.
The kobold hits you with a whip.
You take 1 damage, and have 8/9 hp.
You barely miss the kobold.
The kobold is heavily wounded.
The kobold closely misses you.
You closely miss the kobold.
The kobold is heavily wounded.
The kobold misses you.
Casting: Corona
Confirm with . or Enter, or press ? or * to list all spells.
Aiming: Corona
Press: ? - help, Shift-Dir - straight line, f - kobold
Aim: a kobold, wielding a whip (heavily wounded, chance to defeat MR: 84%)
The kobold is outlined in light.
The kobold misses you.
You now have 4/5 mp.
You hit the kobold.
You kill the kobold!
You see here a whip.
Okay, then.
A hobgoblin comes into view. It is wielding a club.
Casting: Corona
Confirm with . or Enter, or press ? or * to list all spells.
Aiming: Corona
Press: ? - help, Shift-Dir - straight line, f - hobgoblin
Aim: a hobgoblin, wielding a club (chance to defeat MR: 84%)
The hobgoblin is outlined in light.
You now have 3/5 mp.
The hobgoblin hits you with a club.
* * * LOW HITPOINT WARNING * * *
You take 4 damage, and have 4/9 hp.
O_OOPS!!
MASSIVE DAMAGE!!
You hit the hobgoblin.
The hobgoblin is heavily wounded.
You hit the hobgoblin.
The hobgoblin is severely wounded.
The hobgoblin hits you with a club.
Ouch! That really hurt!
You die...

██ ... █.█ █.██
... █.█ █
█.█████.██.██..█
██
█...g@.........█
█..
███████.██████.█
█.█ █.█ █.█ █.█
█.█ █.█ █.█ █.█
█.█ █.█
█.██████.█████.█
█...)..........█
███.████.█████.█
█.█ █.█ █.█


You could see a hobgoblin.

Vanquished Creatures
  A hobgoblin (D:1)
  A kobold (D:1)
  2 bats (D:1)
4 creatures vanquished.

Notes
Turn   | Place    | Note
--------------------------------------------------------------
     0 | D:1      | Goblin1989 the Spriggan Enchanter began the quest for the Orb.
     0 | D:1      | Reached XP level 1. HP: 9/9 MP: 5/5
   101 | D:1      | Slain by a hobgoblin

Action                   || total
-------------------------++-------
Melee: Dagger            ||    11
 Cast: Corona            ||     2
 Stab: Sleeping          ||     2

Vault maps used:
D:1:      dpeg_arrival_tiny_a
